2911 views
Uploaded 2020-04-02 11:27:42
Game version 1.32.3
11:01 long 1on1 ladder game on (2)NorthernIsles
Saved by Lakuza
2911 views
Uploaded 2020-04-02 11:27:42
Game version 1.32.3
11:01 long 1on1 ladder game on (2)NorthernIsles

27 units @ 3.4k
/ 0.2k
13 buildings @ 1.4k
/ 0.5k


| Scroll of Healing | 1 | 250 |
| total: | 1 | 250g |
| Peasant | 11 | 825 | / | 0 |
| Footman | 7 | 945 | / | 0 |
| Rifleman | 5 | 1025 | / | 150 |
| Priest | 3 | 405 | / | 30 |
| Spell Breaker | 1 | 215 | / | 30 |
| total: | 27 | 3415g | / | 210w |
| Scout Tower | 1 | 30 | / | 20 |
| Arcane Tower | 1 | 70 | / | 50 |
| Altar of Kings | 1 | 180 | / | 50 |
| Farm | 7 | 560 | / | 140 |
| Barracks | 1 | 160 | / | 60 |
| Blacksmith | 1 | 140 | / | 60 |
| Arcane Vault | 1 | 130 | / | 30 |
| Arcane Sanctum | 1 | 150 | / | 140 |
| Keep | 1 | 320 | / | 210 |
| total: | 13 | 1350g | / | 500w |
| 0:02 | Altar of Kings |
| 0:03 | Peasant |
| 0:03 | Peasant |
| 0:19 | Farm |
| 0:22 | Peasant |
| 0:28 | Barracks |
| 0:41 | Peasant |
| 0:53 | Peasant |
| 1:02 | Farm |
| 1:16 | Peasant |
| 1:30 | Peasant |
| 1:39 | Farm |
| 1:43 | Peasant |
| 1:44 | Footman |
| 1:52 | Scout Tower |
| 1:58 | Footman |
| 2:04 | Peasant |
| 2:08 | Summon Water Elemental |
| 2:30 | Footman |
| 2:31 | Peasant |
| 2:43 | Brilliance Aura |
| 2:51 | Peasant |
| 3:07 | Keep |
| 3:08 | Arcane Tower |
| 4:22 | Footman |
| 4:23 | Footman |
| 4:30 | Summon Water Elemental |
| 5:07 | Footman |
| 5:11 | Farm |
| 5:13 | Blacksmith |
| 5:17 | Arcane Vault |
| 5:34 | Arcane Sanctum |
| 5:37 | Footman |
| 5:39 | Long Rifles |
| 5:49 | Farm |
| 5:51 | Farm |
| 6:17 | Rifleman |
| 6:42 | Rifleman |
| 6:53 | Priest |
| 7:06 | Priest |
| 7:32 | Rifleman |
| 7:35 | Priest Adept Training |
| 7:48 | Black Gunpowder |
| 8:01 | Storm Bolt |
| 9:09 | Rifleman |
| 9:09 | Priest |
| 9:35 | Brilliance Aura |
| 9:38 | Scroll of Healing |
| 9:41 | Rifleman |
| 9:42 | Spell Breaker |
| 9:51 | Farm |
| 10:39 | Thunder Clap |
| 10:48 | Storm Bolt |
| Right click | 390 |
| Select group | 308 |
| Select | 170 |
| Build/train/purchase | 64 |
| Misc. action | 37 |
| Assign group | 25 |
| Use ability | 15 |
| Esc | 3 |
| Item give/drop | 1 |
/ 0.1k
13 buildings @ 1.5k
/ 0.4k


| Peasant | 9 | 675 | / | 0 |
| Footman | 15 | 2025 | / | 0 |
| Priest | 2 | 270 | / | 20 |
| Rifleman | 2 | 410 | / | 60 |
| total: | 28 | 3380g | / | 80w |
| Altar of Kings | 1 | 180 | / | 50 |
| Farm | 6 | 480 | / | 120 |
| Barracks | 1 | 160 | / | 60 |
| Lumber Mill | 3 | 360 | / | 0 |
| Blacksmith | 1 | 140 | / | 60 |
| Arcane Sanctum | 1 | 150 | / | 140 |
| Keep | 1 | 320 | / | 210 |
| Castle | 1 | 360 | / | 210 |
| total: | 13 | 1470g | / | 430w |
| 0:01 | Altar of Kings |
| 0:02 | Peasant |
| 0:02 | Peasant |
| 0:19 | Farm |
| 0:20 | Barracks |
| 0:27 | Peasant |
| 0:43 | Peasant |
| 0:48 | Farm |
| 0:58 | Peasant |
| 1:05 | Peasant |
| 1:22 | Footman |
| 1:29 | Peasant |
| 1:40 | Footman |
| 1:48 | Farm |
| 2:08 | Summon Water Elemental |
| 2:08 | Footman |
| 2:20 | Footman |
| 2:39 | Footman |
| 2:45 | Brilliance Aura |
| 2:51 | Keep |
| 3:01 | Footman |
| 3:04 | Farm |
| 3:33 | Farm |
| 4:04 | Footman |
| 4:18 | Footman |
| 4:35 | Footman |
| 4:47 | Footman |
| 5:02 | Summon Water Elemental |
| 5:05 | Footman |
| 5:08 | Farm |
| 5:17 | Peasant |
| 5:40 | Arcane Sanctum |
| 5:45 | Peasant |
| 5:54 | Footman |
| 6:13 | Footman |
| 6:29 | Storm Bolt |
| 6:34 | Footman |
| 6:52 | Lumber Mill |
| 7:00 | Lumber Mill |
| 7:12 | Lumber Mill |
| 7:15 | Priest |
| 7:15 | Priest |
| 7:25 | Blacksmith |
| 8:06 | Footman |
| 8:08 | Priest Adept Training |
| 8:11 | Thunder Clap |
| 8:41 | Brilliance Aura |
| 9:14 | Rifleman |
| 9:24 | Rifleman |
| 9:26 | Castle |
| 10:55 | Storm Bolt |
| Right click | 256 |
| Select | 187 |
| Assign group | 72 |
| Select group | 66 |
| Misc. action | 65 |
| Build/train/purchase | 61 |
| Use ability | 6 |
| Item give/drop | 1 |
| Remove unit | 1 |